 Dungeon Crawl Stone Soup version 0.31-a0-479-g91c9547826 (webtiles) character file.

Game seed: 2392423172773935047

747 Bnni the Digger (level 8, -6/58 HPs)
             Began as a Formicid Earth Elementalist on Aug 7, 2023.
             Mangled by an orc warrior
             ... wielding a +0 glaive
              (12 damage)
             ... on level 6 of the Dungeon.
             The game lasted 00:07:58 (5299 turns).

Bnni the Digger (Formicid Earth Elementalist)       Turns: 5299, Time: 00:07:59

Health: -6/58      AC:  6    Str: 14    XL:     8   Next: 6%
Magic:  13/15      EV: 11    Int: 16    God:
Gold:   380        SH:  0    Dex: 14    Spells: 6/16 levels left

rFire   . . .        v - +0 dagger (venom)
rCold   . . .        (no shield)
rNeg    . . .        d - +0 ring mail
rPois   .            (helmet unavailable)
rElec   .            p - +0 cloak
rCorr   .            (no gloves)
SInv    +            (no boots)
Will    .....        c - amulet of faith
Stlth   +            (no ring)
HPRegen 0.29/turn    (no ring)
MPRegen 0.14/turn

%: faith
@: no status effects
A: permanent stasis, dig shafts and tunnels, antennae 3, four strong arms
a: Dig, Shaft Self


You were on level 6 of the Dungeon.
You visited 1 branch of the dungeon, and saw 6 of its levels.

You collected 380 gold pieces.

Inventory:

Hand Weapons
 r - a +1 whip of electrocution
 v - a +0 dagger of venom (weapon)
Missiles
 n - 9 poisoned darts
Armour
 d - a +0 ring mail (worn)
 l - a +0 chain mail
 p - a +0 cloak (worn)
Jewellery
 c - an amulet of faith (around neck)
Wands
 o - a wand of iceblast (10)
 y - a wand of paralysis (6)
Scrolls
 e - 2 scrolls of immolation {unknown}
 h - a scroll of amnesia {unknown}
 m - 3 scrolls of teleportation {unknown}
 s - a scroll of poison {unknown}
 t - a scroll of vulnerability {unknown}
 u - a scroll of enchant weapon {unknown}
 w - a scroll of enchant armour {unknown}
Potions
 a - a potion of attraction {unknown}
 b - a potion of magic
 f - 3 potions of resistance
 g - a potion of degeneration {unknown}
 i - 7 potions of curing {unknown}
 j - a potion of heal wounds {unknown}
 k - 2 potions of cancellation
 z - a potion of enlightenment {unknown}


   Skills:
 + Level 3.1 Fighting
 - Level 1.7 Dodging
 - Level 2.4 Stealth
 * Level 4.9 Spellcasting
 - Level 3.0 Conjurations
 - Level 3.0 Transmutations
 * Level 6.4 Earth Magic


You had 6 spell levels left.
You knew the following spells:

 Your Spells              Type           Power      Damage    Failure   Level
a - Sandblast             Erth           48%        2d12      2%          1
b - Passwall              Tmut/Erth      15%        N/A       7%          2
c - Stone Arrow           Conj/Erth      38%        3d9       14%         3
d - Petrify               Tmut/Erth      19%        N/A       41%         4

Your spell library contained the following spells:

 Spells                   Type           Power      Damage    Failure   Level
 Manifold Assault         Tloc           3%         N/A       97%         4
 Blink                    Tloc           Unusable   N/A       N/A         2

Dungeon Overview and Level Annotations

Branches:
Dungeon (6/15)
 Temple: D:4-7

Altars:

Shops:
D:4 (

Annotations:
D:5 1 runed translucent door, paps's ghost, novice DsSh


Innate Abilities, Weirdness & Mutations

You cannot be hasted, slowed, berserked, paralysed or teleported.
You can dig through walls and to a lower floor.
You have a pair of large antennae on your head. (SInv)
Your four strong arms can wield two-handed weapons with a shield.


Message History

You see here 16 gold pieces.
You now have 380 gold pieces (gained 16).
The orc warrior shouts!
You hear a shout!
Aiming: Sandblast (safe; 2% risk of failure)
Press: ? - help, Q - select action, (/) - cycle Shift-Dir - straight line, f - orc warrior
Aim: an orc warrior, wielding a +0 glaive and wearing a +0 plate armour (83% to hit)
The blast of sand hits the orc warrior!
The orc warrior is moderately wounded.
The orc warrior closely misses you. x2
The orc warrior hits you with a +0 glaive!
You hit the orc warrior but do no damage.
The orc warrior is poisoned.
The orc warrior is moderately wounded.
The orc warrior hits you with a +0 glaive!
You hit the orc warrior but do no damage.
The orc warrior is heavily wounded.
The orc warrior barely misses you.
You barely miss the orc warrior.
The orc warrior is heavily wounded.
The orc warrior hits you with a +0 glaive!
You barely miss the orc warrior.
The orc warrior is heavily wounded.
The orc warrior hits you with a +0 glaive!
Aiming: Sandblast (safe; 2% risk of failure)
Press: ? - help, Q - select action, (/) - cycle Shift-Dir - straight line, f/p - orc warrior
Aim: an orc warrior, wielding a +0 glaive and wearing a +0 plate armour (heavily wounded, very poisoned, 83% to hit)
The blast of sand hits the orc warrior but does no damage.
The orc warrior is heavily wounded.
The orc warrior hits you with a +0 glaive!
* * * LOW HITPOINT WARNING * * *
Unknown command.
Okay, then.
Aiming: Sandblast (safe; 2% risk of failure)
Press: ? - help, Q - select action, (/) - cycle Shift-Dir - straight line, f/p - orc warrior
Aim: an orc warrior, wielding a +0 glaive and wearing a +0 plate armour (severely wounded, poisoned, 83% to hit)
The blast of sand hits the orc warrior but does no damage.
The orc warrior is severely wounded.
An orc comes into view. It is wielding a +0 short sword.
The orc warrior hits you with a +0 glaive!
You die...

### #.. #.# #.##
#.. ### #o# ...
###@####!#
#......o.#
#.#.)#.###
#.#♣~†..#
#..~~♣~~#
#.#.♣~..#####
#.##.#.....>#
.(..........####
#.#####........#


You could see an orc warrior (poisoned) and an orc.

Vanquished Creatures
  An orc warrior (D:5)
  A phantom (D:4)
  4 scorpions
  A hound (D:4)
  A jelly (D:2)
  2 orc priests (D:5)
  7 gnolls
  9 adders
  An ufetubus (D:5)
  A worm (D:3)
  3 dart slugs
  11 orcs
  5 ball pythons
  3 endoplasms
  A giant cockroach (D:4)
  7 goblins
  3 hobgoblins
  3 quokkas
  8 bats
  5 frilled lizards
  2 kobolds
  5 rats (D:1)
84 creatures vanquished.

Notes
Turn   | Place    | Note
-------+----------+-------------------------------------------
     0 | D:1      | Bnni the Formicid Earth Elementalist began the quest for
                  | the Orb.
     0 | D:1      | Reached XP level 1. HP: 13/13 MP: 3/3
   181 | D:1      | Reached XP level 2. HP: 19/19 MP: 3/5
  1186 | D:2      | Reached skill level 1 in Fighting
  1186 | D:2      | Reached skill level 1 in Conjurations
  1186 | D:2      | Reached skill level 4 in Earth Magic
  1186 | D:2      | Reached XP level 3. HP: 26/26 MP: 4/7
  1186 | D:2      | Reached XP level 4. HP: 32/32 MP: 4/8
  1347 | D:2      | Found a faded altar of an unknown god.
  2629 | D:3      | Reached XP level 5. HP: 37/37 MP: 4/9
  3309 | D:4      | Found Uluo's Antique Weapon Shop.
  3346 | D:4      | Reached XP level 6. HP: 43/43 MP: 5/10
  3605 | D:4      | Reached skill level 5 in Earth Magic
  3823 | D:4      | Reached XP level 7. HP: 46/50 MP: 8/12
  3945 | D:4      | Learned a level 2 spell: Passwall
  3949 | D:4      | Learned a level 3 spell: Stone Arrow
  3954 | D:4      | Learned a level 4 spell: Petrify
  4484 | D:5      | Entered Level 5 of the Dungeon
  4701 | D:5      | Reached skill level 6 in Earth Magic
  4804 | D:5      | Found a runed translucent door.
  4811 | D:5      | Noticed paps's ghost (novice DsSh)
  5013 | D:5      | Reached XP level 8. HP: 57/58 MP: 10/15
  5299 | D:6      | Mangled by an orc warrior

Illustrated notes

Levels and vault maps discovered:
D:1:      lightli_iron_boxes, layout_loops_corners, dreamdust_mushroom_princess,
          glass_columns_b, minmay_hedge_maze, feat_on_display
D:2:      layout_loops_corners, shapermc_ecumenical_altar_acropolis,
          kennysheep_generic_room_13
D:3:      layout_loops_corners, kennysheep_path_1, minmay_misc_feat_square,
          due_unseen_surprise
D:4:      layout_loops_corners, nicolae_stop_n_shop_2
D:5:      layout_rooms, ebering_ghost_sewer_d
D:6:      layout_loops_cross, marbit_many_paths,
          minmay_temple_entry_drinking_statues, hangedman_abyss_or_decor_slice,
          minmay_misc_feat_plants, st_stairs_6, kennysheep_big_empty_room,
          serial_bayou_pond_e, uniq_maggie

Skill      XL: |  1  2  3  4  5  6  7 |
---------------+----------------------+-----
Fighting       | 1 2 3 |  3.1
Conjurations   | 1 2 3 |  3.0
Transmutations | 2 3 |  3.0
Earth Magic    | 4 5 6 |  6.4
Spellcasting   | 3 4 |  4.9
Dodging        | |  1.7
Stealth        | |  2.4

Action                     |  1- 3 |  4- 6 |  7- 9 || total
---------------------------+-------+-------+-------++-------
  Melee: Short sword       |     2 |       |       ||     2
         Dagger            |       |     4 |     7 ||    11
   Cast: Sandblast         |    25 |    73 |    53 ||   151
Ability: Dig               |       |     1 |       ||     1
    Use: Scroll            |       |       |     4 ||     4
 Armour: Robe              |     2 |     9 |     2 ||    13
  Dodge: Dodged            |     8 |    40 |    16 ||    64

Table legend: (Time is in decaauts)
 A = Elapsed time spent in this place.
 B = Non-inter-level travel time spent in this place.
 C = Inter-level travel time spent in this place.
 D = Time resting spent in this place.
 E = Time spent auto-exploring this place.
 F = Levels seen in this place.
 G = Mean time per level.
                   A        B        C        D        E       F      G
               +--------+--------+--------+--------+--------+-----+--------+
         Total |   5373 |   5240 |    133 |    296 |   4228 |   6 |  895.5 |
       Dungeon |   5373 |   5240 |    133 |    296 |   4228 |   6 |  895.5 |
               +--------+--------+--------+--------+--------+-----+--------+

Top non-repeatable levels by time:
     D:4: 1196 daAuts
     D:1: 1143 daAuts
     D:3: 1115 daAuts
     D:2: 1083 daAuts
     D:5: 796 daAuts
     D:6: 38 daAuts
